 Dungeon Crawl Stone Soup version 0.31.0-32-g396128a36d (webtiles) character file.

Game seed: 450617213946130019

28 mainiacjoe the Caller (level 3, 0/21 HPs)
             Began as an Octopode Summoner on Mar 30, 2024.
             Slain by a gnoll
             ... wielding a +0 spear
              (4 damage)
             ... on level 2 of the Dungeon.
             The game lasted 00:02:45 (1018 turns).

mainiacjoe the Caller (Octopode Summoner)           Turns: 1018, Time: 00:02:46

Health: 0/21       AC:  1    Str:  7    XL:     3   Next: 14%
Magic:  4/6        EV: 13    Int: 19    God:
Gold:   62         SH:  0    Dex: 12    Spells: 0/6 levels left

rFire   . . .        c - +0 dagger
rCold   . . .        d - orb {light}
rNeg    . . .        (helmet restricted)
rPois   .            (no amulet)
rElec   .            (no ring)
rCorr   .            (no ring)
SInv    .            (no ring)
Will    .....        (no ring)
Stlth   +            (no ring)
HPRegen 0.23/turn    (no ring)
MPRegen 0.10/turn    (no ring)
                     (no ring)

%: no passive effects
@: glowing
A: almost no armour, amphibious, 8 rings, camouflage 1, gelatinous body 1,
(nimble swimmer 1), tentacles
a: no special abilities


You were on level 2 of the Dungeon.
You visited 1 branch of the dungeon, and saw 2 of its levels.

You collected 62 gold pieces.

Inventory:

Hand Weapons
 c - a +0 dagger (weapon)
Missiles
 e - 22 stones
 f - 5 poisoned darts
Armour
 d - an orb of light (worn)
Potions
 a - a potion of magic
 b - a potion of lignification
 g - a potion of curing {unknown}


   Skills:
 - Level 2.0 Dodging
 - Level 2.6 Stealth
 - Level 2.0 Spellcasting
 + Level 5.0 Summonings


You couldn't memorise any spells.
You knew the following spells:

 Your Spells              Type           Power      Damage    Failure   Level
a - Summon Small Mammal   Summ           84%        N/A       2%          1
b - Call Imp              Summ           42%        N/A       3%          2
c - Call Canine Familiar  Summ           21%        N/A       6%          3

Your spell library contained the following spells:

 Spells                   Type           Power      Damage    Failure   Level
 Sigil of Binding         Hex            1%         N/A       45%         3
 Summon Blazeheart Golem  Fire/Summ      11%        N/A       52%         4
 Summon Lightning Spire   Summ/Air       11%        N/A       52%         4
 Dimensional Bullseye     Hex/Tloc       0%         N/A       86%         4


Dungeon Overview and Level Annotations

Branches:
Dungeon (2/15)

Altars:


Innate Abilities, Weirdness & Mutations

You cannot wear most types of armour.
You are amphibious.
You can wear up to eight rings at the same time.
Your skin changes colour to match your surroundings (Stealth+).
Your rubbery body absorbs attacks. (AC +1, EV +1)
((You are camouflaged when in or above water. (Stealth+)))
You have tentacles for arms and can constrict up to eight enemies at once.


Message History

Your cerulean imp dies!
Your cerulean imp disappears in a puff of smoke!
Your bat misses the gnoll.
The gnoll shouts!
Your bat barely misses the gnoll.
Your quokka barely misses the gnoll.
The gnoll misses your quokka.
Your quokka closely misses the gnoll.
Your bat closely misses the gnoll.
The gnoll barely misses your quokka.
Your quokka barely misses the gnoll.
Your quokka bites the gnoll but does no damage.
Your bat hits the gnoll but does no damage.
Your quokka closely misses the gnoll.
The gnoll closely misses your quokka.
Your bat hits the gnoll but does no damage.
Your quokka bites the gnoll.
Your bat closely misses the gnoll.
The gnoll hits your quokka with a +0 spear!
Your quokka dies!
Your quokka's corpse disappears in a puff of smoke!
Your bat hits the gnoll. The gnoll barely misses your bat.
Your bat closely misses the gnoll.
Your bat hits the gnoll but does no damage.
The gnoll hits your bat from afar with a +0 spear.
Your bat dies!
Your bat's corpse disappears in a puff of smoke!
The gnoll hits you with a +1 whip of pain.
The gnoll shouts!
You hit the gnoll. You grab the gnoll.
The gnoll is moderately wounded.
You constrict the gnoll, but do no damage.
The gnoll hits you with a +1 whip of pain!
You hit the gnoll but do no damage.
The gnoll is moderately wounded.
You constrict the gnoll.
The gnoll hits you from afar with a +0 spear.
The gnoll hits you with a +1 whip of pain.
* * * LOW HITPOINT WARNING * * *
You hit the gnoll.
The gnoll is heavily wounded.
You constrict the gnoll, but do no damage.
The gnoll hits you from afar with a +0 spear.
You die...

#.# #.# #.# #.#
#g# ##.## #g#
#...# #.# #...#
#.###...#### #
#..........#.#
#..g..).......
##..g@.....#.#
####.).#### #...#
#...# ##.## #
#.#####.#
######.......##.
........†........
#######..####....


You could see 2 gnolls.

Vanquished Creatures
  An endoplasm (D:2)
  2 giant cockroaches (D:1)
  A hobgoblin (D:1)
  A kobold (D:1)
  A ball python (D:1)
  4 bats (D:1)
  4 rats
14 creatures vanquished.

Vanquished Creatures (collateral kills)
  A dart slug (D:1)
  2 bats (D:1)
  An endoplasm (D:1)
  4 goblins
  A hobgoblin (D:1)
  A kobold (D:2)
10 creatures vanquished.

Grand Total: 24 creatures vanquished

Notes
Turn   | Place    | Note
-------+----------+-------------------------------------------
     0 | D:1      | mainiacjoe the Octopode Summoner began the quest for the
                  | Orb.
     0 | D:1      | Reached XP level 1. HP: 11/11 MP: 3/3
   148 | D:1      | Reached XP level 2. HP: 17/17 MP: 1/5
   151 | D:1      | Learned a level 2 spell: Call Imp
   700 | D:1      | Reached XP level 3. HP: 18/21 MP: 6/6
   704 | D:1      | Learned a level 3 spell: Call Canine Familiar
   959 | D:2      | Reached skill level 5 in Summonings
  1018 | D:2      | Slain by a gnoll

Illustrated notes

Levels and vault maps discovered:
D:1:      lordsloth_arrival_two_stooges, layout_loops_ring
D:2:      layout_loops_ring, uniq_natasha

Skill      XL: |  1  2  3 |
---------------+----------+-----
Summonings     | 5 |  5.0
Dodging        | |  2.0
Stealth        | |  2.6
Spellcasting   | |  2.0

Action                     || total
---------------------------++-------
  Melee: Unarmed           ||     7
         Constrict         ||     9
         Tentacles         ||     7
         Dagger            ||    23
   Cast: Summon Small Mamm ||    14
         Call Imp          ||     6
    Use: Scroll            ||     2
   Stab: Sleeping          ||     1
 Armour: Skin              ||    24
  Dodge: Dodged            ||    23
